Map: Eastwatch LE

Players

frank - Winner!

  • Race: Terran Terran
  • Spawn Location: 7:00

Kozzy

  • Race: Protoss Protoss
  • League: Gold
  • Spawn Location: 1:00

VOD

Have the link to the VOD?

Description

Time

  • Played on: April 4, 2018, 4:32 a.m.
  • Length: 12:26
Show
View Real Time Build Order
Export as new Build Order

frank Terran - Winner!

Build Orders: Command Center First (CC) 

Get SALT Encoding   

  12  0:01  SCV  
  13  0:13  SCV  
  14  0:18  Supply Depot  
  14  0:26  SCV  
  15  0:30  Refinery  
  15  0:39  SCV  
  16  1:12  Command Center  
  16  1:33  Barracks  
  16  1:51  SCV  
  16  1:52  Barracks  
  17  2:03  SCV  
  18  2:15  Engineering Bay  
  18  2:33  Orbital Command  
  17  2:44  Barracks Tech Lab  
  17  2:45  Barracks Tech Lab  
  17  2:49  Terran Infantry Weapons Level 1  
  17  3:04  Marauder  
  19  3:07  Marauder  
  21  3:21  Factory  
  21  3:24  Orbital Command  
  21  3:30  Marauder  
  21  3:32  Concussive Shells  
  23  3:45  Orbital Command  
  23  3:47  Marauder  
  25  3:49  SCV  
  25  3:52  Bunker  
  26  4:03  Missile Turret  
  26  4:11  Refinery  
  26  4:13  SCV  
  26  4:16  SCV  
  28  4:19  Missile Turret  
  28  4:29  Marauder  
  28  4:30  Marauder  
  32  4:32  Refinery  
  32  4:37  SCV x2  
  34  4:40  Factory Tech Lab  
  34  4:50  Stimpack  
  34  4:51  SCV x2  
  36  4:58  Supply Depot  
  36  5:16  Sensor Tower  
  36  5:18  SCV x2  
  36  5:20  Marauder  
  40  5:22  Marauder  
  42  5:30  SCV x2  
  42  5:34  Refinery  
  42  5:35  Missile Turret  
  44  5:43  SCV x2  
  44  5:45  Terran Infantry Armor Level 1  
  46  5:54  Supply Depot  
  46  6:04  Marauder x2  
  46  6:15  Supply Depot  
  46  6:16  Supply Depot  
  46  6:28  Starport  
  46  6:35  Barracks, SCV x2  
  46  6:37  Marine x2  
  46  6:38  Barracks  
  50  6:50  SCV x2  
  52  6:55  Marine x2  
  54  7:04  Armory  
  54  7:07  SCV  
  54  7:08  SCV, Engineering Bay  
  56  7:11  Starport Reactor  
  56  7:14  Marine  
  56  7:15  Marine  
  58  7:24  SCV x2  
  58  7:25  Barracks Reactor  
  58  7:26  Barracks Reactor  
  59  7:49  Command Center  
  56  7:54  Medivac x2  
  56  7:56  Marauder  
  56  7:57  Marauder  
  64  7:58  SCV x2  
  64  8:03  Marine x3  
  64  8:04  Marine  
  70  8:15  Terran Infantry Weapons Level 2  
  70  8:17  Marine  
  70  8:18  Terran Infantry Armor Level 2, Marauder  
  73  8:22  Marine x2  
  73  8:23  Marine x2  
  77  8:39  Marine  
  78  8:41  Marine  
  78  8:42  Marauder x2  
  78  8:45  Supply Depot  
  83  8:50  Supply Depot  
  83  8:52  Missile Turret  
  83  9:01  Missile Turret  
  83  9:09  Marine  
  83  9:10  Marine x5  
  83  9:12  Medivac x2  
  93  9:27  Marine x2  
  95  9:32  Orbital Command  
  95  9:35  SCV x2  
  87  10:09  Orbital Command  
  87  10:12  Marine x4  
  87  10:13  Marine x2  
  86  10:28  Medivac x2  
  86  10:30  Marine x3  
  86  10:31  Marauder x2  
  86  10:32  SCV x2  
  86  10:34  SCV  
  100  10:38  Marine  
  101  10:44  SCV x2  
  101  10:46  SCV  
  101  10:48  Marine x3  
  107  10:53  Missile Turret  
  107  10:57  Barracks  
  107  10:58  Medivac x2  
  107  10:59  Barracks  
  111  11:07  Marine  
  111  11:08  Marine x4  
  111  11:09  Marine  
  117  11:19  Refinery  
  117  11:22  Refinery, Armory  
  117  11:23  Starport  
  117  11:24  Starport  
  117  11:29  Supply Depot  
  117  11:32  Supply Depot  
  117  11:37  Marine x4  
  109  11:52  Supply Depot  
  109  11:57  Supply Depot  
  109  12:00  Barracks Reactor  
  109  12:01  Barracks Reactor  
  109  12:13  Supply Depot  
  109  12:20  Supply Depot  
Show
View Real Time Build Order
Export as new Build Order

Kozzy Protoss 

Build Orders:  

Get SALT Encoding   

  12  0:00  Probe  
  13  0:13  Probe  
  14  0:19  Pylon  
  14  0:25  Probe  
  15  0:40  Probe (Chrono Boost), Gateway  
  17  0:51  Probe (Chrono Boost)  
  17  0:52  Assimilator  
  17  0:59  Assimilator  
  17  1:08  Pylon  
  17  1:27  Cybernetics Core  
  17  1:30  Gateway  
  17  1:34  Pylon  
  17  1:40  Probe (Chrono Boost)  
  18  1:50  Probe (Chrono Boost)  
  19  1:55  Probe (Chrono Boost)  
  20  2:01  Forge  
  20  2:10  Stalker (Chrono Boost)  
  22  2:19  Warp Gate  
  22  2:24  Probe  
  23  2:32  Pylon  
  23  2:41  Stalker  
  25  2:52  Pylon  
  25  3:12  Stalker x2, Protoss Ground Weapons Level 1 (Chrono Boost)  
  29  3:23  Shield Battery  
  29  3:27  Probe  
  30  3:42  Pylon  
  30  3:55  Gateway  
  30  4:05  Gateway  
  30  4:14  Photon Cannon  
  28  4:38  Stalker  
  28  4:39  Stalker  
  32  4:47  Pylon  
  32  4:54  Stalker  
  34  5:02  Stalker x2  
  38  5:12  Stalker  
  40  5:22  Gateway  
  32  6:09  Stalker x4  
  40  6:16  Twilight Council  
  40  6:18  Stalker  
  42  6:46  Blink (Chrono Boost)  
  42  6:50  Nexus  
  42  7:01  Probe  
  43  7:06  Protoss Ground Weapons Level 2 (Chrono Boost)  
  43  7:13  Probe  
  44  7:25  Probe  
  45  7:37  Probe  
  44  7:54  Probe (Chrono Boost)  
  43  8:02  Stalker x2  
  43  8:03  Stalker  
  50  8:05  Probe (Chrono Boost)  
  50  8:10  Probe (Chrono Boost)  
  51  8:20  Probe  
  51  8:21  Probe  
  53  8:29  Gateway  
  53  8:32  Probe  
  53  8:33  Probe  
  55  8:40  Pylon  
  55  8:46  Stalker x3  
  61  8:54  Charge (Chrono Boost)  
  61  9:03  Pylon  
  61  9:08  Protoss Ground Weapons Level 3 (Chrono Boost)  
  61  9:19  Gateway  
  61  9:21  Gateway  
  61  9:24  Gateway  
  61  9:31  Gateway  
  61  9:46  Stalker x3  
  44  10:26  Zealot x2  
  44  10:27  Zealot x6  
  60  10:42  Zealot x2  
  64  10:57  Zealot x4  
  64  11:00  Zealot  
  74  11:08  Zealot  
  74  11:09  Zealot  
  78  11:20  Stalker  
  78  11:21  Stalker  
  78  11:24  Zealot  
  66  11:46  Zealot x4  
  66  11:47  Zealot  
  50  11:51  Zealot  
  52  12:00  Zealot  
  54  12:02  Zealot  
  54  12:07  Zealot  
  58  12:12  Zealot  
  36  12:24  Zealot  
  36  12:25  Zealot  
Tags
 
Add a new tag
Caveats
  • Supply blocks, unpowered buildings, or Contaminate may cause inaccurate times.
  • Supply counts are checked every 10 seconds.